 Dungeon Crawl Stone Soup version 0.19.4-8-ga85b6b9 (webtiles) character file.

1369 winWinterter the Stinger (level 8, -4/60 HPs)
             Began as a Formicid Venom Mage on Feb 13, 2017.
             Was an Initiate of Ru.
             Slain by a wolf (9 damage)
             ... led by Grum
             ... on level 7 of the Dungeon.
             The game lasted 00:24:00 (7960 turns).

winWinterter the Stinger (Formicid Venom Mage)      Turns: 7960, Time: 00:24:02

Health: -4/60      AC:  5    Str: 12    XL:     8   Next: 97%
Magic:  0/13       EV: 13    Int: 18    God:    Ru [......]
Gold:   230        SH:  0    Dex: 11    Spells: 2 memorised, 10 levels left

rFire  . . .     SeeInvis +     E - +2 hand axe (flame)
rCold  . . .     Gourm    .     a - +0 robe
rNeg   . . .     Faith    .     (no shield)
rPois  .         Spirit   .     (helmet unavailable)
rElec  .         Reflect  .     h - +0 cloak
rCorr  .         Harm     .     (no gloves)
MR     .....                    t - +1 pair of boots
Stlth  ++........               (no amulet)
                                (no ring)
                                (no ring)

@: very slightly contaminated
A: permanent stasis, dig shafts and tunnels, four strong arms, antennae 3
a: Dig, Shaft Self, Renounce Religion


You were on level 7 of the Dungeon.
You worshipped Ru.
Ru was noncommittal.
You were hungry.

You visited 2 branches of the dungeon, and saw 9 of its levels.

You collected 230 gold pieces.

Inventory:

Hand Weapons
 E - a +2 hand axe of flaming (weapon)
Missiles
 f - 6 javelins (quivered)
Armour
 a - a +0 robe (worn)
 h - a +0 cloak (worn)
 j - a -1 leather armour
 t - a +1 pair of boots (worn)
Jewellery
 m - an uncursed amulet of magic regeneration {unknown}
Wands
 l - a wand of heal wounds (5/9)
Scrolls
 d - 3 scrolls of identify
 g - 2 scrolls of amnesia
 i - a scroll of magic mapping
 o - a scroll of recharging
 r - a scroll of remove curse
Potions
 c - a potion of resistance
 p - 2 potions of mutation
Books
 b - a Young Poisoner's Handbook

   Spells                             Type                      Level
   a - Sting                          Conjuration/Poison           1
   b - Mephitic Cloud                 Conjuration/Poison/Air       3
   c - Olgreb's Toxic Radiance        Poison                       4
   d - Alistair's Intoxication        Transmutation/Poison         5
   e - Venom Bolt                     Conjuration/Poison           5
 q - a book of Misfortune

   Spells                             Type                      Level
   a - Confusing Touch                Hexes                        1
   b - Confuse                        Hexes                        3
   c - Gell's Gravitas                Hexes/Translocation          3
   d - Petrify                        Transmutation/Earth          4
   e - Metabolic Englaciation         Hexes/Ice                    5
   f - Yara's Violent Unravelling     Hexes/Transmutation          5
Comestibles
 k - 3 meat rations


   Skills:
 * Level 4.0 Fighting
   Level 2.2 Short Blades
 * Level 5.0 Axes
 + Level 1.6 Armour
 + Level 3.4 Dodging
 + Level 4.3 Stealth
 + Level 3.8 Spellcasting
 + Level 2.5 Conjurations
 + Level 7.1 Poison Magic


You had 10 spell levels left.
You knew the following spells:

 Your Spells              Type           Power        Failure   Level  Hunger
a - Sting                 Conj/Pois      ###.         1%          1    None
b - Mephitic Cloud        Conj/Pois/Air  ###.....     14%         3    ###....


Dungeon Overview and Level Annotations

Branches:
Dungeon (8/15)             Temple (1/1) D:7
   Lair: D:8-11

Altars:
Ashenzari
Cheibriados
Dithmenos
Elyvilon
Fedhas
Gozag
Hepliaklqana
Kikubaaqudgha
Makhleb
Nemelex Xobeh
Okawaru
Qazlal
Ru
Sif Muna
Trog
Uskayaw
Vehumet
Xom
Yredelemnul
Zin
The Shining One

Annotations:
D:4 Menkaure, Sigmund
D:8 Grum


Innate Abilities, Weirdness & Mutations

You are under a permanent stasis effect.
You can dig through walls and to a lower floor.
Your four strong arms can wield two-handed weapons with a shield.
You have a pair of large antennae on your head. (SInv)


Message History

Confirm with . or Enter, or press ? or * to list all spells.
Aiming: Sting
Press: ? - help, Shift-Dir - straight line, f - wolf
Aim: a wolf (lightly wounded)
The sting hits the wolf.
The wolf is lightly wounded.
The wolf bites you!
* * * LOW HITPOINT WARNING * * *
The wolf closely misses you.
It was a potion of curing.
You feel better. The wolf bites you. x2
* * * LOW HITPOINT WARNING * * *
Are you sure you want to shaft yourself?
You feel quite a bit more hungry. The wolf bites you.
* * * LOW HITPOINT WARNING * * *
The wolf completely misses you.
You begin to dig a shaft.
You continue digging a shaft.
The wolf bites you!
* * * LOW HITPOINT WARNING * * *
The wolf bites you!
You die...

##.......## ##.#.##
##.........####....#
.'.........'.......#
##.........####....#
##.......##
##.#.#### ##.....##
#......# ##...##
##......# ##'##
##.......## #.#
#.h@......# #.#
##.......## ##.##
##.....##
##...#########...##
####.....##...#
##.##
............#.####.#
######?##.......##.#
#.##.#####....#
#.##...#...####


You could see a wolf.

Vanquished Creatures
  A hungry ghost (D:6)
  An ice beast (D:7)
  2 wolves
  A centaur (D:7)
  2 bullfrogs (D:7)
  A scorpion (D:4)
  2 crimson imps (D:7)
  6 hounds
  A jelly (D:7)
  3 bullfrog skeletons
  3 orc wizards
  Terence (D:2)
  2 worker ants
  2 hound zombies
  A hound skeleton (D:7)
  A worker ant zombie (D:6)
  7 adders
  2 oozes
  2 adder skeletons
  A worm (D:2)
  2 dart slugs
  3 leopard geckos
  3 orcs
  3 giant cockroaches
  9 goblins
  11 hobgoblins
  4 jackals (D:2)
  3 kobolds (D:2)
  7 quokkas
  2 ball pythons
  6 bats
  3 frilled lizards
  A leopard gecko skeleton (D:7)
  2 rats
101 creatures vanquished.

Notes
Turn   | Place    | Note
-------+----------+-------------------------------------------
     0 | D:1      | winWinterter the Formicid Venom Mage began the quest for the Orb.
     0 | D:1      | Reached XP level 1. HP: 13/13 MP: 3/3
   411 | D:1      | Reached XP level 2. HP: 19/19 MP: 0/5
  1130 | D:2      | Reached XP level 3. HP: 21/24 MP: 3/6
  1454 | D:2      | Learned a level 3 spell: Mephitic Cloud
  1473 | D:2      | Reached XP level 4. HP: 31/31 MP: 7/7
  1500 | D:2      | Reached skill level 6 in Poison Magic
  1520 | D:2      | Reached skill level 1 in Short Blades
  1791 | D:2      | Reached skill level 1 in Conjurations
  2229 | D:3      | Found a burning altar of Makhleb.
  2231 | D:3      | Found a glowing golden altar of the Shining One.
  2288 | D:3      | Noticed Terence
  2494 | D:2      | Killed Terence
  2494 | D:2      | Reached XP level 5. HP: 31/36 MP: 0/8
  2511 | D:3      | Reached skill level 1 in Fighting
  3731 | D:4      | Reached XP level 6. HP: 37/44 MP: 8/10
  4094 | D:4      | Noticed Sigmund
  4094 | D:4      | Noticed an ogre
  4162 | D:5      | Entered Level 5 of the Dungeon
  4200 | D:5      | Noticed Menkaure
  4534 | D:4      | HP: 2/46 [Menkaure (17)]
  4536 | D:4      | You fall through a shaft for 2 floors!
  4764 | D:6      | Reached XP level 7. HP: 23/51 MP: 6/11
  5397 | D:6      | Noticed a hungry ghost
  5406 | D:6      | Killed a hungry ghost
  5406 | D:6      | Reached skill level 1 in Axes
  6192 | D:7      | Found a staircase to the Ecumenical Temple.
  6214 | Temple   | Entered the Ecumenical Temple
  6439 | Temple   | Became a worshipper of Ru the Awakened
  6517 | D:7      | Reached XP level 8. HP: 55/58 MP: 13/13
  6555 | D:7      | Reached skill level 7 in Poison Magic
  6601 | D:7      | Reached skill level 1 in Armour
  7174 | D:7      | Found a glowing silver altar of Zin.
  7174 | D:7      | Noticed an angel
  7575 | D:8      | Noticed Grum
  7788 | D:8      | Reached skill level 5 in Axes
  7960 | D:7      | Slain by a wolf

Skill      XL: |  1  2  3  4  5  6  7  8 |
---------------+-------------------------+-----
Dodging        | 2 3 |  3.4
Poison Magic   | 6 7 |  7.1
Short Blades   | 1 2 |  2.2
Conjurations   | 1 2 |  2.5
Fighting       | 1 2 3 4 |  4.0
Stealth        | 3 4 |  4.3
Spellcasting   | 3 |  3.8
Axes           | 2 5 |  5.0
Armour         | 1 |  1.6

Action                   |  1- 3 |  4- 6 |  7- 9 || total
-------------------------+-------+-------+-------++-------
Melee: Short sword       |    47 |   121 |       ||   168
       Hand axe          |       |    11 |   170 ||   181
 Cast: Sting             |    37 |    99 |    43 ||   179
       Mephitic Cloud    |       |       |     5 ||     5
 Abil: Shaft Self        |       |     1 |     1 ||     2
  Use: Potion            |       |     5 |     1 ||     6
       Scroll            |       |     3 |    10 ||    13
 Stab: Sleeping          |     4 |     7 |     2 ||    13
       Confused          |       |       |     2 ||     2
  Eat: Chunk             |     2 |    10 |     6 ||    18
       Fruit             |       |     2 |       ||     2
       Bread ration      |       |     1 |     1 ||     2
Armor: Robe              |     7 |    40 |    30 ||    77
       Leather armour    |       |       |    18 ||    18
Dodge: Dodged            |    30 |   136 |   112 ||   278
